 Dungeon Crawl Stone Soup version 0.30.0-29-ga12c61a403 (webtiles) character file.

Game seed: 15475122348929743129

1855 FallenXxXSky the Chopper (level 9, -2/61 HPs)
             Began as an Octopode Monk on June 25, 2023.
             Was a Priest of Okawaru.
             Slain by a killer bee (9 damage)
             ... on level 7 of the Dungeon.
             The game lasted 00:08:53 (4706 turns).

FallenXxXSky the Chopper (Octopode Monk)            Turns: 4706, Time: 00:08:53

Health: -2/61      AC:  1    Str: 15    XL:     9   Next: 12%
Magic:  9/9        EV: 15    Int: 12    God:    Okawaru [***...]
Gold:   128        SH:  0    Dex: 14    Spells: 8/8 levels left

rFire   + . .        A - +2 battleaxe (elec)
rCold   . . .        (shield currently unavailable)
rNeg    . . .        (helmet restricted)
rPois   .            a - amulet of regeneration
rElec   .            w - ring of protection from fire
rCorr   +            d - ring of resist corrosion
SInv    .            (no ring)
Will    .....        (no ring)
Stlth   ++           (no ring)
HPRegen 1.10/turn    (no ring)
MPRegen 0.11/turn    (no ring)
                     (no ring)

%: no passive effects
@: no status effects
A: almost no armour, amphibious, 8 rings, camouflage 1, gelatinous body 1,
(nimble swimmer 1), tentacles
a: Renounce Religion, Heroism


You were on level 7 of the Dungeon.
You worshipped Okawaru.
Okawaru was most pleased with you.
You visited 2 branches of the dungeon, and saw 8 of its levels.

You collected 337 gold pieces.
You spent 209 gold pieces at shops.

Inventory:

Hand Weapons
 A - a +2 battleaxe of electrocution (weapon)
Magical Staves
 l - a staff of death
 s - a staff of conjuration
Jewellery
 a - an amulet of regeneration (around mantle)
 c - an amulet of guardian spirit
 d - a ring of resist corrosion (right tentacle)
 w - a ring of protection from fire (left tentacle)
Wands
 y - a wand of roots (8)
 B - a wand of mindburst (15)
 C - a wand of light (18)
 G - a wand of paralysis (9)
Scrolls
 f - 4 scrolls of teleportation {unknown}
 h - 2 scrolls of vulnerability {unknown}
 i - 9 scrolls of identify
 j - a scroll of fog {unknown}
 k - a scroll of immolation {unknown}
 n - a scroll of magic mapping {unknown}
 p - a scroll of amnesia {unknown}
 q - a scroll of acquirement {unknown}
 z - a scroll of summoning {unknown}
 D - a scroll of noise {unknown}
 F - 2 scrolls of blinking
 H - a scroll of enchant armour {unknown}
Potions
 b - a potion of ambrosia
 e - 4 potions of attraction {unknown}
 m - a potion of haste
 o - 2 potions of might
 r - 2 potions of mutation {unknown}
 t - 2 potions of degeneration {unknown}
 u - a potion of curing {unknown}
 v - a potion of resistance {unknown}
 x - 2 potions of heal wounds {unknown}
 E - a potion of brilliance {unknown}


   Skills:
 - Level 5.2 Fighting
 - Level 5.6 Short Blades
 * Level 7.7(8.0) Axes
 - Level 3.1(5.8) Maces & Flails
 - Level 5.2 Dodging
 - Level 0.4 Invocations


You had 8 spell levels left.
You didn't know any spells.
Your spell library was empty.

Dungeon Overview and Level Annotations

Branches:
Dungeon (7/15)             Temple (1/1) D:4

Altars:
Ashenzari
Dithmenos
Elyvilon
Fedhas
Hepliaklqana
Makhleb
Nemelex Xobeh
Okawaru
Qazlal
Ru
Sif Muna
Wu Jian
Xom
Yredelemnul
Zin
The Shining One

Shops:
D:3 =   D:5 (


Innate Abilities, Weirdness & Mutations

You cannot wear most types of armour.
You are amphibious.
You can wear up to eight rings at the same time.
Your skin changes colour to match your surroundings (Stealth+).
Your rubbery body absorbs attacks. (AC +1, EV +1)
((You are camouflaged when in or above water. (Stealth+)))
You have tentacles for arms and can constrict up to eight enemies at once.


Message History

You miss the killer bee. Your punch misses the killer bee.
You barely miss the killer bee.
You feel sick.
You are no longer poisoned.
The killer bee stings you but does no damage.
The killer bee stings you.
* * * LOW HITPOINT WARNING * * *
The killer bee stings you but does no damage. x2
You barely miss the killer bee. x2
Your transformation is almost over.
The killer bee stings you but does no damage. x3
The killer bee barely misses you.
The killer bee stings you but does no damage. x2
You barely miss the killer bee. x2
The killer bee stings you but does no damage. x4
You miss the killer bee. You hit the killer bee.
Lightning courses through the killer bee!
You kill the killer bee!
Okawaru accepts your kill.
The killer bee stings you but does no damage. x3
You closely miss the killer bee. The killer bee stings you!
* * * LOW HITPOINT WARNING * * *
The killer bee stings you but does no damage. x2
You miss the killer bee. The killer bee stings you.
* * * LOW HITPOINT WARNING * * *
The killer bee stings you.
* * * LOW HITPOINT WARNING * * *
You closely miss the killer bee.
The killer bee stings you but does no damage.
The killer bee barely misses you.
The killer bee stings you but does no damage.
You hit the killer bee but do no damage.
The killer bee stings you but does no damage. x2
You miss the killer bee.
You feel less wooden. The killer bee stings you!
* * * LOW HITPOINT WARNING * * *
The killer bee misses you. The killer bee barely misses you.
You miss the killer bee. You grab the killer bee. You constrict the killer bee.
The killer bee stings you!
You die...

#########
#.......#
#.......#
#.......#
#.......#
#####$......#
#...y†......#
#@......##
#.........
##.#.#### #...#
#>.## #.####.###
#........#
######.#.####...
#............


You could see a killer bee.

Vanquished Creatures
  Sigmund (D:2)
  A water moccasin (D:6)
  3 sky beasts
  An orc warrior (D:7)
  An ice beast (D:6)
  3 black bears
  A centaur (D:7)
  A scorpion (D:4)
  4 killer bees (D:7)
  2 hounds (D:6)
  2 orc priests
  3 iguanas
  Jessica (D:2)
  A sleepcap (D:5)
  Natasha (thrice) (D:3)
  2 orc wizards
  4 adders
  A shadow imp (D:5)
  3 white imps
  An ufetubus (D:7)
  A worm (D:3)
  4 dart slugs
  17 orcs
  8 endoplasms
  3 giant cockroaches
  5 goblins
  14 hobgoblins
  3 jackals (D:2)
  6 quokkas
  6 ball pythons
  6 bats
  7 frilled lizards
  8 kobolds
  8 rats
135 creatures vanquished.

Notes
Turn   | Place    | Note
-------+----------+-------------------------------------------
     0 | D:1      | FallenXxXSky the Octopode Monk began the quest for the Orb.
     0 | D:1      | Reached XP level 1. HP: 16/16 MP: 1/1
   115 | D:1      | Reached XP level 2. HP: 16/21 MP: 2/2
   328 | D:1      | Reached skill level 1 in Short Blades
   684 | D:2      | Reached XP level 3. HP: 26/26 MP: 3/3
   798 | D:2      | Noticed Sigmund
   808 | D:2      | Noticed Jessica
  1018 | D:2      | Reached XP level 4. HP: 31/31 MP: 4/4
  1023 | D:2      | Killed Sigmund
  1024 | D:2      | Reached XP level 5. HP: 26/37 MP: 5/5
  1033 | D:2      | Killed Jessica
  1034 | D:2      | Reached XP level 6. HP: 33/43 MP: 6/6
  1261 | D:2      | Found a shadowy altar of Dithmenos.
  1678 | D:3      | Noticed Natasha
  1687 | D:3      | Killed Natasha
  1884 | D:3      | Found Lotif's Jewellery Shop.
  1891 | D:3      | Noticed Natasha
  1899 | D:3      | Killed Natasha
  2002 | D:3      | Found a sacrificial altar of Ru.
  2055 | D:3      | Noticed Natasha
  2065 | D:3      | Killed Natasha
  2152 | D:4      | Found a staircase to the Ecumenical Temple.
  2155 | D:4      | Noticed a black bear
  2219 | D:4      | Reached XP level 7. HP: 49/49 MP: 7/7
  2251 | D:4      | Reached skill level 5 in Short Blades
  2383 | D:4      | Reached skill level 5 in Fighting
  2383 | D:4      | Reached skill level 5 in Dodging
  2640 | Temple   | Entered the Ecumenical Temple
  2699 | Temple   | Became a worshipper of Warmaster Okawaru
  2699 | Temple   | Reached * piety under Okawaru
  2699 | Temple   | Reached ** piety under Okawaru
  2764 | D:5      | Entered Level 5 of the Dungeon
  2884 | D:5      | Found Erosan's Antique Weapon Shop.
  2920 | D:5      | Bought a glowing battleaxe for 209 gold pieces
  3013 | D:5      | Reached skill level 1 in Axes
  3053 | D:5      | Reached XP level 8. HP: 55/55 MP: 8/8
  3086 | D:5      | Found a shimmering altar of Xom.
  3321 | D:5      | Reached skill level 2 in Axes
  3567 | D:4      | Reached skill level 3 in Axes
  3945 | D:6      | Reached skill level 4 in Axes
  4017 | D:6      | Found a shadowy altar of Dithmenos.
  4081 | D:5      | Reached skill level 5 in Axes
  4218 | D:6      | Identified the orb of Zodidd {light, *Corrode rElec rN+
                  | Int+4}
  4269 | D:6      | Reached *** piety under Okawaru
  4270 | D:6      | Reached skill level 6 in Axes
  4534 | D:7      | Reached XP level 9. HP: 30/61 MP: 9/9
  4537 | D:7      | Reached skill level 7 in Axes
  4706 | D:7      | Slain by a killer bee

Illustrated notes

Levels and vault maps discovered:
D:1:      minmay_arrival_split_and_join, layout_rooms, hangedman_decor_push
D:2:      layout_basic, basic_altar, minmay_statues_item, uniq_jessica,
          uniq_sigmund
D:3:      layout_rooms, mainiacjoe_overflow_alcove_2, serial_shops,
          nicolae_square_shop, serial_bayou_pond_b, uniq_natasha
D:4:      layout_rooms, minmay_temple_entry_proselytizer, serial_park_tiny_pond,
          abandoned_shop, minmay_liquid_box, minmay_increasing_density
D:5:      layout_basic, lemuel_crystal_altar, serial_shops, shop,
          kennysheep_generic_room_13
D:6:      layout_basic, mainiacjoe_overflow_cross_hatched
D:7:      layout_basic, lemuel_crystal_altar
Temple:   nicolae_temple_superstar

Skill      XL: |  1  2  3  4  5  6  7  8  9 |
---------------+----------------------------+-----
Short Blades   | 1 3 4 5 |  5.6
Fighting       | 4 5 |  5.2
Dodging        | 4 5 |  5.2
Axes           | 1 6 7 |  7.7
Maces & Flails | |  3.1
Invocations    | |  0.4

Action                     |  1- 3 |  4- 6 |  7- 9 || total
---------------------------+-------+-------+-------++-------
  Melee: Dagger            |    63 |    79 |    45 ||   187
         Constrict         |    20 |    27 |    34 ||    81
         Tentacles         |    11 |    24 |    25 ||    60
         Mace              |     2 |       |       ||     2
         Punch             |     1 |       |       ||     1
         Battleaxe         |       |       |   108 ||   108
  Evoke: Wand              |       |       |     1 ||     1
    Use: Scroll            |     1 |     3 |       ||     4
         Potion            |       |       |     2 ||     2
   Stab: Sleeping          |     1 |       |     4 ||     5
 Armour: Skin              |     5 |     5 |    84 ||    94
  Dodge: Dodged            |    38 |    33 |   120 ||   191
